 Dungeon Crawl Stone Soup version 0.30-a0-137-gd8773701ce (webtiles) character file.

Game seed: 16483505098197227934

9573 lunkers the Bludgeoner (level 12, 0/108 HPs)
             Began as a Meteoran Berserker on Sept 24, 2022.
             Was a Priest of Trog.
             Slain by a water moccasin (2 damage)
             ... on level 2 of the Lair of Beasts.
             The game lasted 00:17:40 (4018 turns).

lunkers the Bludgeoner (Meteoran Berserker)         Turns: 4018, Time: 00:17:41

Health: 0/108      AC: 12    Str: 22    XL:     12   Next: 7%
Magic:  13/13      EV: 12    Int:  9    God:    Trog [***...]
Gold:   701        SH:  0    Dex: 16    Spells: 11/11 levels left

rFire   . . .      SeeInvis .    a - +3 morningstar (freeze)
rCold   . . .      Faith    .    (no shield)
rNeg    . . .      Spirit   .    I - +0 chain mail {Will+}
rPois   +          Reflect  .    (no helmet)
rElec   .          Harm     .    (no cloak)
rCorr   .          Rampage  .    (no gloves)
Will    ++++.                    C - +0 pair of boots
Stlth   ..........               s - amulet of the acrobat
HPRegen 1.28/turn                o - ring of poison resistance
MPRegen 0.13/turn                (no ring)

@: lethally poisoned (0 -> -9), about to teleport, strong-willed, on berserk
cooldown, regenerating, slowed, glowing, very slow
A: sense surroundings 2, otherworldly, glowing, explore regen
a: Renounce Religion, Berserk, Trog's Hand


You were on level 2 of the Lair of Beasts.
You worshipped Trog.
Trog was most pleased with you.
You visited 2 branches of the dungeon, and saw 12 of its levels.
You also visited: Sewer and Bailey.

You collected 701 gold pieces.

Inventory:

Hand Weapons
 a - a +3 morningstar of freezing (weapon)
 B - a +2 whip of freezing
 F - a +0 morningstar of protection
Missiles
 k - 17 boomerangs
 m - 33 stones (quivered)
 r - 12 poisoned darts
 J - 4 atropa-tipped darts
 K - 4 datura-tipped darts
 L - 3 curare-tipped darts
Armour
 e - a +1 chain mail
 n - a +2 tower shield
 x - +0 fire dragon scales
 C - a +0 pair of boots (worn)
 G - +0 steam dragon scales
 I - a +0 chain mail of willpower (worn)
Jewellery
 o - a ring of poison resistance (left hand)
 s - an amulet of the acrobat (around neck)
Wands
 g - a wand of flame (34)
 y - a wand of iceblast (9)
Scrolls
 b - a scroll of butterflies
 i - a scroll of poison
 l - a scroll of amnesia
 v - a scroll of enchant armour
 D - a scroll of brand weapon
Potions
 c - 2 potions of heal wounds
 d - 3 potions of brilliance
 f - 3 potions of resistance
 h - a potion of flight
 j - 3 potions of cancellation
 q - 2 potions of degeneration {unknown}
 t - a potion of attraction {unknown}
 u - 5 potions of curing
 w - 4 potions of might
 z - a potion of lignification {unknown}
 A - a potion of invisibility {unknown}
 E - 2 potions of berserk rage {unknown}


   Skills:
 + Level 10.6 Fighting
 - Level 16.0 Maces & Flails
 + Level 8.0 Armour
 + Level 8.1 Dodging


You had 11 spell levels left.
You didn't know any spells.
Your spell library was empty.

Dungeon Overview and Level Annotations

Branches:
Dungeon (10/15) Zot: 2469  Temple (0/1) D:7            Lair (2/5) D:10 Zot: 974
  Sewer (visited)          Bailey (visited)
  Swamp: Lair:2-3    Shoals: Lair:2-3     Snake: Lair:2-3    Spider: Lair:2-3
    Orc: D:9-12

Altars:
Gozag
Hepliaklqana
Nemelex Xobeh
Uskayaw
Zin
Lugonu

Shops:
D:1 [   D:8 *

Portals:
Abyss: D:6

Annotations:
D:6 2 runed translucent doors


Innate Abilities, Weirdness & Mutations

You passively map the area around you.
You are easily found by Zot.
You glow in the dark.
You regain HP and MP as you explore.


Message History

The water moccasin closely misses you. x2; The cane toad barely misses you.
You miss the basilisk.
You feel very sick. The cane toad closely misses you.
The water moccasin misses you. The basilisk gazes at you.
You resist with almost no effort.
The water moccasin bites you but does no damage.
The cane toad stings you.
* * * LOW HITPOINT WARNING * * *
The cane toad stings you!
* * * LOW HITPOINT WARNING * * *
Your skin crawls.
You feel strong-willed.
You can no longer call in reinforcements.
You feel very sick.
The water moccasin bites you but does no damage.
The basilisk bites you!
* * * LOW HITPOINT WARNING * * *
The cane toad misses you. The water moccasin bites you.
* * * LOW HITPOINT WARNING * * *
You are lethally poisoned!
The water moccasin poisons you!
The water moccasin bites you but does no damage.
The cane toad closely misses you. The cane toad stings you.
* * * LOW HITPOINT WARNING * * *
The basilisk gazes at you. You resist with almost no effort.
The water moccasin bites you but does no damage. x2
As you read the scroll of teleportation, it crumbles to dust.
You feel strangely unstable.
* * * LOW HITPOINT WARNING * * *
You feel extremely sick.
The water moccasin is no longer moving slowly.
The cane toad stings you but does no damage.
The water moccasin bites you but does no damage.
The cane toad stings you but does no damage.
The basilisk closely misses you. The cane toad closely misses you.
The water moccasin bites you but does no damage.
The water moccasin bites you.
You die...

## *##
##.##.##### *
##.........## **
##....SS.....# *
,
#....F@F.....#,*
, ,
##..^l........
#...........#* ,
, ##..........#
#.†.........# *
##.........##
##.........P# *
#..........##
#.#.#.###..#


You could see 2 cane toads, a basilisk and 2 water moccasins.

Vanquished Creatures
  A fire dragon (D:10)
  2 hydras
  Pikel (D:5)
  2 komodo dragons
  A hornet (D:9)
  A blink frog (Lair:2)
  A wraith (D:10)
  A wyvern (D:10)
  9 yaks
  3 steam dragons
  Menkaure (D:7)
  A water moccasin (D:8)
  8 orc warriors
  2 ice beasts
  Pargi (Sewer)
  6 wolves (Lair:1)
  2 centaurs
  5 kobold brigands
  8 bullfrogs
  A necrophage (D:5)
  A gnoll sergeant (D:6)
  5 wights (D:7)
  8 killer bees
  A howler monkey (D:6)
  6 orc priests
  2 hounds
  A jelly (D:6)
  4 iguanas
  Natasha (twice) (D:4)
  11 orc wizards
  3 gnolls (D:6)
  8 adders
  2 shadow imps (D:6)
  An ufetubus (D:6)
  A worm (D:2)
  A dart slug (D:3)
  23 orcs
  2 endoplasms
  A giant cockroach (D:5)
  15 goblins
  2 hobgoblins
  4 jackals (D:2)
  2 quokkas
  3 ball pythons
  2 frilled lizards (Sewer)
  22 kobolds
190 creatures vanquished.

Vanquished Creatures (others)
  4 fungi
4 creatures vanquished.

Grand Total: 194 creatures vanquished

Notes
Turn   | Place    | Note
-------+----------+-------------------------------------------
     0 | D:1      | lunkers the Meteoran Berserker began the quest for the Orb.
     0 | D:1      | Reached XP level 1. HP: 19/19 MP: 2/2
   147 | D:1      | Found Raxtoah's Antique Armour Boutique.
   340 | D:2      | Reached XP level 2. HP: 13/26 MP: 3/3
   443 | D:2      | Found a faded altar of an unknown god.
   567 | D:3      | Reached skill level 5 in Maces & Flails
   669 | D:3      | Reached XP level 3. HP: 31/31 MP: 4/4
   840 | D:4      | Reached ** piety under Trog
   883 | D:4      | Reached XP level 4. HP: 15/38 MP: 5/5
   885 | D:4      | Reached skill level 6 in Maces & Flails
  1095 | D:4      | Noticed Natasha
  1105 | D:4      | Killed Natasha
  1106 | D:4      | Reached skill level 7 in Maces & Flails
  1106 | D:4      | Reached XP level 5. HP: 35/45 MP: 6/6
  1141 | D:4      | Noticed Natasha
  1150 | D:4      | Killed Natasha
  1213 | D:5      | Entered Level 5 of the Dungeon
  1253 | D:5      | Found a glowing drain.
  1269 | D:5      | Reached XP level 6. HP: 51/51 MP: 7/7
  1300 | Sewer    | Entered a sewer
  1342 | Sewer    | Noticed Pargi
  1349 | Sewer    | Killed Pargi
  1350 | Sewer    | Reached skill level 8 in Maces & Flails
  1466 | D:5      | Reached skill level 9 in Maces & Flails
  1490 | D:5      | Reached XP level 7. HP: 35/57 MP: 8/8
  1575 | D:5      | Noticed Pikel
  1593 | D:5      | Killed Pikel
  1594 | D:5      | Reached skill level 11 in Maces & Flails
  1594 | D:5      | Reached XP level 8. HP: 52/63 MP: 9/9
  1639 | D:5      | Reached skill level 12 in Maces & Flails
  1678 | D:5      | Identified the +4 dagger of Qaobesux {freeze, rPois}
  1743 | D:6      | Found a one-way gate to the infinite horrors of the Abyss.
  1743 | D:6      | Identified the +4 short sword of the Shimmering Seeker
                  | {distort, Str+2}
  1813 | D:6      | Found a large runed translucent door.
  1813 | D:6      | Found a large runed translucent door.
  1838 | D:6      | Found a corrupted altar of Lugonu.
  1919 | D:6      | Gained mutation: You passively map the area around you.
                  | [Meteoran growth]
  1919 | D:6      | Reached XP level 9. HP: 65/71 MP: 10/10
  2014 | D:6      | Reached skill level 13 in Maces & Flails
  2113 | D:7      | Reached skill level 5 in Fighting
  2154 | D:7      | Found a staircase to the Ecumenical Temple.
  2250 | D:7      | Found a hide-covered altar of Uskayaw.
  2325 | D:7      | Reached skill level 14 in Maces & Flails
  2404 | D:7      | Noticed Menkaure
  2408 | D:7      | Found a flagged portal.
  2413 | D:7      | Killed Menkaure
  2439 | Bailey   | Entered a bailey
  2535 | Bailey   | Reached skill level 15 in Maces & Flails
  2535 | Bailey   | Reached XP level 10. HP: 42/83 MP: 11/11
  2582 | Bailey   | Found a burning altar of Makhleb.
  2816 | D:8      | Reached skill level 16 in Maces & Flails
  2896 | D:8      | Reached *** piety under Trog
  2974 | D:8      | Found Xicosm's General Store.
  3096 | D:9      | Found a glowing silver altar of Zin.
  3102 | D:9      | Found a sparkling altar of Nemelex Xobeh.
  3106 | D:9      | Found a hazy altar of Hepliaklqana.
  3278 | D:9      | Found an opulent altar of Gozag.
  3434 | D:9      | Reached XP level 11. HP: 84/95 MP: 12/12
  3601 | D:9      | Reached skill level 5 in Dodging
  3606 | D:9      | Reached **** piety under Trog
  3607 | D:9      | Reached skill level 5 in Armour
  3640 | D:9      | Paralysed by a hornet for 1 turns
  3657 | D:10     | Entered Level 10 of the Dungeon
  3719 | D:10     | Found a staircase to the Lair.
  3720 | D:10     | Noticed a fire dragon
  3742 | D:10     | Killed a fire dragon
  3808 | Lair:1   | Entered Level 1 of the Lair of Beasts
  3837 | Lair:1   | Reached skill level 10 in Fighting
  3886 | Lair:1   | Noticed a four-headed hydra
  3901 | Lair:1   | Killed a four-headed hydra
  3971 | Lair:2   | Noticed a four-headed hydra
  3983 | Lair:2   | Killed a four-headed hydra
  3984 | Lair:2   | Reached XP level 12. HP: 107/107 MP: 13/13
  4018 | Lair:2   | HP: 2/108 [poisoned by a water moccasin]
  4018 | Lair:2   | Slain by a water moccasin

Illustrated notes

Levels and vault maps discovered:
D:1:      nagdon_arrival_double_spiral, layout_loops_ring, serial_shops,
          shop_statue, shop, nrook_uturn, minmay_worlds_worst_comb
D:2:      layout_basic, chequers_ecumenical_altar_island
D:3:      layout_loops_ring, corexii_item_surrounded_by_moat,
          nicolae_hexahallways, minmay_misc_feat_five, serial_park_tiny_pond
D:4:      layout_basic, minmay_goblin_outpost, uniq_natasha
D:5:      layout_basic, amethyst_overflow_temple_binary, gup_sewer_entry_glass,
          uniq_pikel
D:6:      due_chaos_kobolds, layout_basic, serial_shops, nicolae_diamond_shop,
          shop_fountains, nrook_loot_triangle, minmay_starry_boxes
D:7:      layout_gridville, mainiacjoe_overflow_surrounded_room,
          general_overflow_altar, minmay_temple_entry_slanted, enter_bailey_3,
          uniq_menkaure
D:8:      layout_rooms, serial_shops, nicolae_shop_advertising_works
          [nicolae_subvault_shop_adworks]
D:9:      layout_basic, nicolae_gozag_cash_rules_everything_around_me,
          tgw_kikubaaqudgha, mainiacjoe_overflow_swirl,
          minmay_overflow_temple_star_quad
D:10:     layout_layer_cave, minmay_lair_entry_lava, orc_david_3
Lair:1:   layout_loops_ring
Lair:2:   layout_cave_pods, basic_altar, infiniplex_staircase_pool_2

Skill      XL: |  1  2  3  4  5  6  7  8  9 10 11 12 |
---------------+-------------------------------------+-----
Maces & Flails | 5 7 9 11 12 15 16 | 16.0
Fighting       | 6 8 10 | 10.6
Armour         | 4 7 8 |  8.0
Dodging        | 4 7 8 |  8.1

Action                   |  1- 3 |  4- 6 |  7- 9 | 10-12 || total
-------------------------+-------+-------+-------+-------++-------
Melee: Mace              |    62 |    98 |    22 |       ||   182
       Punch             |       |     1 |     3 |     4 ||     8
       Whip              |       |       |   121 |       ||   121
       Morningstar       |       |       |    75 |   261 ||   336
 Fire: Sling             |    55 |     2 |       |       ||    57
Throw: Stone             |     9 |     5 |     5 |     4 ||    23
       Boomerang         |     4 |     1 |       |       ||     5
Invok: Berserk           |       |     5 |     8 |     7 ||    20
       Trog's Hand       |       |     1 |       |     2 ||     3
  Use: Scroll            |       |     1 |     8 |     9 ||    18
Armor: Chain mail        |    52 |    56 |    94 |   121 ||   323
Dodge: Dodged            |    32 |    23 |    52 |   131 ||   238

Table legend: (Time is in decaauts)
 A = Elapsed time spent in this place.
 B = Non-inter-level travel time spent in this place.
 C = Inter-level travel time spent in this place.
 D = Time resting spent in this place.
 E = Time spent auto-exploring this place.
 F = Levels seen in this place.
 G = Mean time per level.
                   A        B        C        D        E       F      G
               +--------+--------+--------+--------+--------+-----+--------+
         Total |   4174 |   4032 |    142 |      0 |    778 |  14 |  298.1 |
       Dungeon |   3530 |   3388 |    142 |      0 |    778 |  10 |  353.0 |
          Lair |    224 |    224 |      0 |      0 |      0 |   2 |  112.0 |
         Sewer |    154 |    154 |      0 |      0 |      0 |   1 |  154.0 |
        Bailey |    265 |    265 |      0 |      0 |      0 |   1 |  265.0 |
               +--------+--------+--------+--------+--------+-----+--------+

Top non-repeatable levels by time:
     D:9: 556 daAuts
     D:7: 499 daAuts
     D:4: 495 daAuts
     D:5: 404 daAuts
     D:6: 324 daAuts
     D:8: 291 daAuts
     D:1: 289 daAuts
     D:3: 288 daAuts
  Bailey: 265 daAuts
     D:2: 218 daAuts
  Lair:1: 178 daAuts
    D:10: 163 daAuts
   Sewer: 154 daAuts
  Lair:2: 45 daAuts
